Unix NetHack Version 5.0.0-0 post-release - last build May 31 2026 23:59:36 (970b52f25bf058293b47ddfd14a1e40e571c508c,branch:main).

Game began 2026-06-05 13:04:13, ended 2026-06-05 19:02:48.

FutureTim, lawful female human Valkyrie

                  -------                      ----
   ----          --..--.----                   |..|   ---         ---    ----
   |..--         |.........|               --- |..|  --.--   ------.--   |..|
   |.*.---    ----.........---    ----------.---.--##-...| ---.......-----..--
   ---...------.|............|   --..--.......|..|###....--#)..-.......|.....|
     ---.............   -....|   |....@......--.--##..#.#....................|
       --------.--.....--....    |...P...............#|.#.#....).|...........|
              -----..)...---     ---..........--####--#.#.##..#-----...--....|
                   -^.....|  --------.........####.[| |.#.##..|    --.-----.--
                   |......|  |.).||.............#...--|...|--#      |.--  ---
                   --.<...|  |...||.--.......(...^...|#..--        --..|
                    |.|.---  --..--.|--.........>...--|..#         |...|
                ---.|.|--     --....| |.....^.......| |..|         --.--
                |.....|     ----.---- --............| |..|          ---
                |*....------|....|     |..........--- |..|
                |..........##....--    |....)------   |..|
                ---....---)^......|    |.....|----    |..|
                  ---..| ---......|    |..--.--..|    |..|
                    ----   --.....|    ----|.....|    |..|
                            ---.---        -------    ----
                              ---
FutureTim the Fighter       St:18/02 Dx:14 Co:13 In:8 Wi:9 Ch:11  Lawful
Dlvl:5  $:6  HP:0(42) Pw:20(20) AC:10 Xp:6 T:2541 

Latest messages:
 Your candle is getting short.
 The wood nymph disarms your very rusty +1 spear (weapon in right hand).
 She stole a very rusty +1 spear.
 The wood nymph stole a towel.
 The wood nymph stole a +0 pair of high boots.
 The wood nymph stole a wand of magic missile.
 You can move again.
 The wood nymph steals a very rusty +0 chain mail!
 The wood nymph vanishes!
 There is nothing here to pick up.
 You see here a green gem.
 You see here a green gem.
 The wood nymph stole a maple wand.
 The wood nymph vanishes!
 You hear a nearby zap.
 The magic missile whizzes by you!
 The magic missile bounces!
 The magic missile whizzes by you!
 You hear a nearby zap.
 The magic missile hits you!
 The magic missile bounces!
 The magic missile hits you!
 You hear a nearby zap.
 The magic missile hits you!
 The magic missile bounces!
 The magic missile bounces!
 You hear a nearby zap.
 The magic missile hits you!
 The magic missile bounces!
 You hear a nearby zap.
 The magic missile hits you!
 Really step onto that dart trap? [yn] (n) n
 Your candle's flame flickers low!
 The mountain nymph stole an orange potion.
 The mountain nymph vanishes!
 You begin bashing monsters with your bare hands.
 You hit the wood nymph.
 The wood nymph zaps herself with a maple wand!
 The wood nymph vanishes!
 What do you want to wield? [- beo or ?*] o
 o - 2 rusty daggers (wielded).
 Your candle is consumed!
 Its flame dies.
 The gray ooze bites!
 You die...
 Do you want your possessions identified? [ynq] (y) y
 Do you want to see your attributes? [ynq] (y) y
 Do you want an account of creatures vanquished? [ynaq] (y) y
 Do you want to see your conduct and achievements? [ynq] (y) y
 Do you want to see the dungeon overview? [ynq] (y) y

Inventory:
 Coins    ('$')
  $ - 6 gold pieces
 Weapons  (')')
  e - 2 cursed poisoned +0 darts (at the ready)
  o - 2 blessed rusty +1 daggers (wielded)
  b - a +0 dagger (alternate weapon; not wielded)
 Armor    ('[')
  y - an uncursed +0 pair of elven boots
 Potions  ('!')
  a - a cursed potion of acid
  v - an uncursed potion of restore ability
 Rings    ('=')
  x - an uncursed ring of sustain ability
 Wands    ('/')
  h - a wand of digging (0:5)
  k - a wand of magic missile (0:7)

FutureTim the Valkyrie's attributes:

Background:
 You were a Fighter, a level 6 human Valkyrie.
 You were lawful, on a mission for Tyr
 who was opposed by Odin (neutral) and Loki (chaotic).
 You were right-handed.
 You were in the Gnomish Mines, on level 5.
 You entered the dungeon 2541 turns ago.
 You had 399 experience points, 241 more were needed to attain level 7.

Basics:
 You had 0 out of 42 hit points.
 You had all 20 energy points (spell power).
 Your armor class was 10.
 Your wallet contained 6 zorkmids.
 Autopickup was off.

Final Characteristics:
 Your strength was 18/02 (limit:18/100).
 Your dexterity was 14 (limit:18).
 Your constitution was 13 (limit:18).
 Your intelligence was 8 (limit:18).
 Your wisdom was 9 (limit:18).
 Your charisma was 11 (limit:18).

Final Status:
 You weren't hungry.
 You were unencumbered.
 You were wielding daggers.
 You had basic skill with dagger.
 You weren't wearing any armor.

Final Attributes:
 You were piously aligned.
 You were cold resistant.
 You were stealthy.
 You are dead.

Miscellaneous:
 You didn't encounter any bones levels.
 Total elapsed playing time was 48 minutes and 40 seconds.

Major events:
 Turn
    1: FutureTim the lawful human Valkyrie entered the dungeon
  786: entered the Gnomish Mines
  808: attained the rank of Skirmisher (level 3)
 1976: attained the rank of Fighter (level 6)
 2541: killed by a gray ooze

You didn't know any spells.

Skills:
 Fighting Skills
   bare handed combat [Unskilled]
   two weapon combat  [Unskilled]
   riding             [Unskilled]
 Weapon Skills
   dagger             [Basic]
   axe                [Unskilled]
   pick-axe           [Unskilled]
   short sword        [Unskilled]
   broadsword         [Unskilled]
   long sword         [Unskilled]
   two-handed sword   [Unskilled]
   saber              [Unskilled]
   hammer             [Unskilled]
   quarterstaff       [Unskilled]
   polearms           [Unskilled]
   spear              [Skilled]
   trident            [Unskilled]
   lance              [Unskilled]
   sling              [Unskilled]
 Spellcasting Skills
   attack spells      [Unskilled]
   escape spells      [Unskilled]

Voluntary challenges:
 Character rerolling was not enabled.
 You never genocided any monsters.
 You never polymorphed an object.
 You never changed form.
 You used no wishes.
Achievements:
 You entered a shop.
 You entered the Gnomish Mines.
 You attained the rank of Skirmisher.
 You attained the rank of Fighter.

 The Dungeons of Doom: levels 1 to 2
    Level 1:
       An altar, a fountain.
    Level 2:
       A general store.
       Stairs down to The Gnomish Mines.
 The Gnomish Mines: levels 3 to 5
    Level 3:
    Level 4:
    Level 5: <- You were here.
       Final resting place for
          you, killed by a gray ooze.


Vanquished creatures:
  a rock mole
  4 gnome leaders
  a kobold mummy
  a gray ooze
  3 giant ants
  2 floating eyes
  a kitten
  3 dwarves
  a hobbit
  2 large kobolds
  a giant rat
  4 cave spiders
 26 gnomes
  8 garter snakes
  4 jackals
  a kobold
  a goblin
  a grid bug
  2 lichens
  6 newts
73 creatures vanquished.

No species were genocided or became extinct.

Game over:
                       ----------
                      /          \
                     /    REST    \
                    /      IN      \
                   /     PEACE      \
                  /                  \
                  |    FutureTim     |
                  |       6 Au       |
                  | killed by a gray |
                  |       ooze       |
                  |                  |
                  |                  |
                  |       2026       |
                 *|     *  *  *      | *
        _________)/\\_//(\/(/\)/\//\/|_)_______

Farvel FutureTim the Valkyrie...

You died in The Gnomish Mines on dungeon level 5 with 1842 points,
and 6 pieces of gold, after 2541 moves.
You were level 6 with a maximum of 42 hit points when you died.

